 Dungeon Crawl Stone Soup version 0.21.1-1-g345015fe64 (webtiles) character file.

16706 Kohma the Tainter (level 12, -3/51 HPs)
             Began as a Spriggan Venom Mage on June 21, 2018.
             Was an Elder of Sif Muna.
             Killed from afar by Josephine (15 damage)
             ... with a ghostly fireball
             ... on level 2 of the Orcish Mines.
             The game lasted 01:38:52 (20311 turns).

Kohma the Tainter (Spriggan Venom Mage)            Turns: 20311, Time: 01:38:52

Health: -3/51      AC: 11    Str:  5    XL:     12   Next: 12%
Magic:  44/45      EV: 25    Int: 24    God:    Sif Muna [****..]
Gold:   642        SH:  6    Dex: 18    Spells: 11/29 levels left

rFire    . . .     SeeInvis +   e - +1 mace (holy)
rCold    + . .     Gourm    .   r - +0 buckler {rN+}
rNeg     + . .     Faith    .   d - +2 robe {rC+}
rPois    .         Spirit   .   C - +3 hat of Pondering {ponderous, MR+ MP+10 Int+5}
rElec    .         Reflect  .   (no cloak)
rCorr    .         Harm     .   (gloves unavailable)
MR       +++..                  (boots unavailable)
Stlth    ++++......             (no amulet)
HPRegen  0.17/turn              W - ring of Ziupaessu {MP+9 Slay+5}
MPRegen  0.29/turn              w - +4 ring of protection

@: about to teleport, very slightly contaminated, slowed, drained
A: very small, unfitting armour, see invisible, herbivore, speed 3, slow
metabolism 2
a: Divine Energy, Channel Magic, Forget Spell, Renounce Religion


You were on level 2 of the Orcish Mines.
You worshipped Sif Muna.
Sif Muna was greatly pleased with you.
You were hungry.

You visited 3 branches of the dungeon, and saw 14 of its levels.

You collected 994 gold pieces.
You spent 352 gold pieces at shops.

Inventory:

Hand Weapons
 a - a +1 dagger
 b - a +0 hunting sling
 e - a +1 mace of holy wrath (weapon)
 s - a +2 flail of holy wrath
 B - a +1 whip of freezing
Missiles
 f - 346 stones (quivered)
 i - 74 sling bullets
 x - 25 poisoned needles
Armour
 d - a +2 robe of cold resistance (worn)
 r - a +0 buckler of positive energy (worn)
 C - the +3 hat of Pondering (worn) {ponderous, MR+ MP+10 Int+5}
   (You took it off Gastronok on level 9 of the Dungeon)

   It affects your intelligence (+5).
   It affects your resistance to hostile enchantments.
   It affects your magic capacity (+10).
 V - a +0 troll leather armour
Jewellery
 q - a +3 ring of protection
 v - an uncursed ring of protection from magic
 w - a +4 ring of protection (right hand)
 H - a +5 ring of strength
 J - an uncursed ring of poison resistance
 W - the ring of Ziupaessu (left hand) {MP+9 Slay+5}
   (You found it on level 10 of the Dungeon)

   [ring of slaying]

   It affects your accuracy and damage with ranged weapons and melee attacks
   (+5).
   It affects your magic capacity (+9).
Wands
 o - a wand of digging (13)
 y - a wand of flame (36)
 D - a wand of polymorph (4)
 K - a wand of acid (1)
 N - a wand of scattershot (10)
 P - a wand of iceblast (8)
 U - a wand of disintegration (18)
Scrolls
 h - 3 scrolls of teleportation
 l - 2 scrolls of amnesia
 p - 2 scrolls of fear
 E - 4 scrolls of enchant armour
 Q - 5 scrolls of remove curse
 T - a scroll of magic mapping
Potions
 g - 4 potions of haste
 j - 2 potions of heal wounds
 k - a potion of cancellation
 m - 2 potions of curing
 n - a potion of invisibility
 t - 6 potions of flight
 u - 2 potions of might
 z - a potion of lignification {unknown}
 A - 3 potions of ambrosia
 F - a potion of magic {unknown}
 G - a potion of brilliance {unknown}
 L - a potion of degeneration {unknown}
 M - a potion of resistance
 R - a potion of berserk rage {unknown}
Books
 I - a book of Misfortune

   Spells                             Type                      Level
   a - Confusing Touch                Hexes                        1
   b - Confuse                        Hexes                        3
   c - Gell's Gravitas                Translocation                3
   d - Petrify                        Transmutation/Earth          4
   e - Metabolic Englaciation         Hexes/Ice                    5
   f - Yara's Violent Unravelling     Hexes/Transmutation          5
 S - a Young Poisoner's Handbook

   Spells                             Type                      Level
   a - Sting                          Conjuration/Poison           1
   b - Poisonous Vapours              Poison/Air                   2
   c - Mephitic Cloud                 Conjuration/Poison/Air       3
   d - Olgreb's Toxic Radiance        Poison                       4
   e - Venom Bolt                     Conjuration/Poison           5
Comestibles
 c - 12 rations


   Skills:
 + Level 5.1(4.5) Short Blades
 - Level 10.0(9.3) Dodging
 - Level 10.0(9.3) Stealth
 + Level 1.8(1.2) Shields
 + Level 9.2(8.5) Spellcasting
 - Level 4.0(3.4) Conjurations
 + Level 2.8(2.1) Hexes
 + Level 8.2(7.5) Air Magic
 + Level 10.5(9.7) Poison Magic
 + Level 5.0(4.4) Evocations


You had 11 spell levels left.
You knew the following spells:

 Your Spells              Type           Power        Failure   Level  Hunger
a - Sting                 Conj/Pois      ####         1%          1    None
b - Poisonous Vapours     Pois/Air       ######       1%          2    None
c - Mephitic Cloud        Conj/Pois/Air  #####...     1%          3    None
d - Olgreb's Toxic Radia  Pois           ######..     1%          4    ##.....
e - Venom Bolt            Conj/Pois      #####.....   17%         5    ####...
f - Confuse               Hex            ###.....     11%         3    None


Dungeon Overview and Level Annotations

Branches:
Dungeon (11/15)            Temple (1/1) D:4            Lair (0/6) D:10
    Orc (2/2) D:9             Elf (0/3) Orc:2

Altars:
Ashenzari
Cheibriados
Dithmenos
Elyvilon
Fedhas
Gozag
Hepliaklqana
Kikubaaqudgha
Makhleb
Nemelex Xobeh
Okawaru
Qazlal
Ru
Sif Muna
Trog
Uskayaw
Vehumet
Wu Jian
Xom
Yredelemnul
Zin
The Shining One
Beogh

Shops:
D:10 }

Annotations:
D:3 Shinnjin's ghost, amateur DrTm
D:5 nawrastar's ghost, amateur FeTm
Orc:2 Josephine


Innate Abilities, Weirdness & Mutations

You are very small and have problems with some larger weapons.
You are too small for most types of armour.
You have supernaturally acute eyesight. (SInv)
You are a herbivore.
You cover ground extremely quickly.
You need consume almost no food.


Message History

The light around you dims momentarily. The wraith completely misses you.
The wraith closely misses you.
You barely miss the wraith.
The wraith is heavily damaged.
You block the wraith's attack. The wraith hits you.
A wraith comes into view.
You hit the wraith but do no damage.
The wraith is heavily damaged.
The wraith misses you.
Josephine gestures at you while chanting.
The ghostly flame explodes!
The ghostly fireball engulfs you! You partially resist.
You feel drained.
* * * LOW HITPOINT WARNING * * *
You hear a shout!
As you read the scroll of teleportation, it crumbles to dust.
You feel strangely unstable. Josephine casts a spell at you.
The ghostly flame explodes!
The ghostly fireball engulfs you! You partially resist.
You feel drained.
You die...

#................................
###.#..........#.....W..#.###....
#####...................####.....
.##.................W...##..W....
.............#.....#.............
................W@.#.............
......###........#.#...........##
.....####...........##........###
.....###........@..............##
#.....##....)................W.##
##............#............#[)...
###........####......##.###..).)
##.......# #.......####.....)
###.....## ##......## #......
#.#.....# ##.......## ##.....[
####.......###.........###.......
#.#........##...........###......


You could see Josephine and a wraith.

Vanquished Creatures
  Gastronok (D:9)
  A stone giant (Orc:2)
  3 two-headed ogres
  An unseen horror (D:8)
  An orc knight (Orc:2)
  Pikel (D:4)
  An ugly thing (D:11)
  An orc sorcerer (Orc:1)
  5 trolls
  A hornet (D:8)
  Eustachio (D:4)
  2 wraiths
  A spriggan (D:7)
  Sigmund (D:2)
  2 hungry ghosts
  5 yaks (D:9)
  A steam dragon (D:8)
  2 slaves (D:4)
  An ice beast (D:9)
  15 orc warriors
  A sky beast (D:6)
  A necrophage (D:7)
  A phantom (D:8)
  8 ogres
  8 centaurs
  A crocodile (D:11)
  2 big kobolds
  A wyvern zombie (D:11)
  7 bullfrogs
  A gnoll sergeant (D:4)
  2 wyvern skeletons
  2 scorpions
  11 killer bees (D:10)
  5 wights (D:7)
  7 crimson imps
  4 centaur skeletons
  2 hounds
  2 jellies (D:8)
  17 orc wizards
  9 orc priests
  A gnoll shaman (D:4)
  Ijyb (D:4)
  Natasha (thrice) (D:4)
  3 iguanas
  4 worker ants
  A hound zombie (D:7)
  A mummy (D:5)
  A hound skeleton (D:7)
  A howler monkey zombie (D:5)
  3 worker ant zombies
  22 gnolls
  13 adders
  A shadow imp (D:8)
  A worm (D:4)
  3 dart slugs
  2 leopard geckos
  58 orcs
  2 ball pythons
  3 giant cockroaches
  11 goblins
  7 hobgoblins
  21 jackals
  12 kobolds
  2 quokkas
  14 bats
  4 frilled lizards (D:2)
  A leopard gecko skeleton (D:8)
  5 rats
340 creatures vanquished.

Vanquished Creatures (others)
  A leopard gecko (D:5)
1 creature vanquished.

Grand Total: 341 creatures vanquished

Notes
Turn   | Place    | Note
-------+----------+-------------------------------------------
     0 | D:1      | Kohma the Spriggan Venom Mage began the quest for the Orb.
     0 | D:1      | Reached XP level 1. HP: 9/9 MP: 5/5
   402 | D:1      | Reached XP level 2. HP: 9/13 MP: 0/6
   406 | D:1      | Learned a level 2 spell: Poisonous Vapours
   842 | D:1      | Reached skill level 1 in Conjurations
  1269 | D:1      | Reached XP level 3. HP: 16/16 MP: 1/8
  1708 | D:2      | Noticed Sigmund
  2038 | D:2      | Killed Sigmund
  2038 | D:2      | Reached skill level 1 in Air Magic
  2038 | D:2      | Reached XP level 4. HP: 21/21 MP: 3/10
  2038 | D:2      | Reached XP level 5. HP: 24/24 MP: 3/11
  2162 | D:2      | Learned a level 3 spell: Mephitic Cloud
  2167 | D:2      | Learned a level 4 spell: Olgreb's Toxic Radiance
  2634 | D:3      | Noticed Shinnjin's ghost (amateur DrTm)
  3432 | D:3      | Found a faded altar of an unknown god.
  3776 | D:4      | Found a staircase to the Ecumenical Temple.
  3776 | D:4      | Noticed an orc warrior
  4042 | D:4      | Noticed Natasha
  4060 | D:4      | Killed Natasha
  4060 | D:4      | Reached XP level 6. HP: 17/28 MP: 3/12
  4137 | D:4      | Noticed Natasha
  4140 | D:4      | Killed Natasha
  4263 | D:4      | Noticed Ijyb
  4273 | D:4      | Killed Ijyb
  4461 | D:4      | Reached skill level 5 in Stealth
  4579 | D:4      | Reached skill level 5 in Dodging
  4579 | D:4      | Reached skill level 5 in Poison Magic
  4887 | D:4      | Reached XP level 7. HP: 32/32 MP: 6/14
  5071 | D:4      | Noticed Eustachio
  5197 | D:4      | Noticed Pikel
  5363 | D:4      | Killed Eustachio
  5486 | D:4      | Noticed Natasha
  5494 | D:4      | Killed Natasha
  5628 | D:4      | Killed Pikel
  5628 | D:4      | Reached skill level 5 in Spellcasting
  5628 | D:4      | Reached XP level 8. HP: 36/36 MP: 0/16
  6058 | D:5      | Entered Level 5 of the Dungeon
  6445 | D:5      | Noticed nawrastar's ghost (amateur FeTm)
  7357 | Temple   | Entered the Ecumenical Temple
  7364 | Temple   | Became a worshipper of Sif Muna the Loreminder
  8810 | D:6      | Reached XP level 9. HP: 38/39 MP: 10/18
  8910 | D:6      | Learned a level 5 spell: Venom Bolt
  8914 | D:6      | Learned a level 3 spell: Confuse
  9100 | D:6      | Found a shimmering altar of Xom.
  9832 | D:7      | Reached * piety under Sif Muna
 10107 | D:7      | Reached skill level 5 in Air Magic
 12093 | D:8      | Reached ** piety under Sif Muna
 12530 | D:8      | Noticed a two-headed ogre
 12595 | D:8      | Killed a two-headed ogre
 12595 | D:8      | Reached XP level 10. HP: 40/44 MP: 4/21
 12849 | D:8      | Noticed an unseen horror
 12875 | D:8      | Killed an unseen horror
 12985 | D:8      | Identified a scroll of acquirement
 13731 | D:8      | Found a sacrificial altar of Ru.
 13957 | D:8      | Reached skill level 1 in Short Blades
 14213 | D:10     | Entered Level 10 of the Dungeon
 14825 | D:10     | Found Rioklan's Gadget Shop.
 14832 | D:10     | Bought a wand of disintegration (18) for 352 gold pieces
 14832 | D:10     | Found a staircase to the Lair.
 15286 | D:10     | Reached *** piety under Sif Muna
 15421 | D:10     | Got a coiled iron ring
 15427 | D:10     | Identified the ring of Ziupaessu {MP+9 Slay+5} (You found it on level 10 of the Dungeon)
 15629 | D:9      | Noticed Gastronok
 15842 | D:9      | Noticed a two-headed ogre
 15870 | D:9      | Killed a two-headed ogre
 15870 | D:9      | Reached skill level 10 in Stealth
 15870 | D:9      | Reached XP level 11. HP: 47/47 MP: 1/23
 15875 | D:9      | Noticed a two-headed ogre
 16305 | D:9      | Reached skill level 1 in Evocations
 16573 | D:9      | Killed Gastronok
 16806 | D:9      | Killed a two-headed ogre
 16806 | D:9      | Reached **** piety under Sif Muna
 16963 | D:9      | Found a staircase to the Orcish Mines.
 17244 | D:9      | Reached skill level 10 in Poison Magic
 17603 | D:11     | Noticed a brown ugly thing
 17634 | D:11     | Killed a brown ugly thing
 17634 | D:11     | Reached skill level 10 in Dodging
 18401 | Orc:1    | Entered Level 1 of the Orcish Mines
 18401 | Orc:1    | Found a roughly hewn altar of Beogh.
 18455 | Orc:1    | Noticed an orc sorcerer
 18488 | Orc:1    | Killed an orc sorcerer
 18488 | Orc:1    | Reached skill level 1 in Hexes
 18501 | Orc:1    | Reached skill level 1 in Shields
 19067 | Orc:2    | Entered Level 2 of the Orcish Mines
 19117 | Orc:2    | Found a staircase to the Elven Halls.
 19222 | Orc:2    | Noticed an orc sorcerer
 19324 | Orc:2    | Noticed a stone giant
 19359 | Orc:2    | Killed a stone giant
 19359 | Orc:2    | Reached XP level 12. HP: 51/51 MP: 23/26
 19433 | Orc:2    | Reached skill level 5 in Short Blades
 19846 | Orc:2    | Reached skill level 5 in Evocations
 20292 | Orc:2    | Noticed Josephine
 20311 | Orc:2    | Killed from afar by Josephine

Skill      XL: |  1  2  3  4  5  6  7  8  9 10 11 12 |
---------------+-------------------------------------+-----
Conjurations   | 1 2 3 4 |  4.0
Spellcasting   | 3 4 5 7 9 |  9.2
Dodging        | 4 5 6 8 9 10 | 10.0
Stealth        | 4 5 6 7 8 10 | 10.0
Air Magic      | 1 2 3 4 6 7 8 |  8.2
Poison Magic   | 4 5 6 8 9 10 | 10.5
Short Blades   | 2 4 5 |  5.1
Evocations     | 4 5 |  5.0
Hexes          | 2 |  2.8
Shields        | 1 |  1.8

Action                   |  1- 3 |  4- 6 |  7- 9 | 10-12 || total
-------------------------+-------+-------+-------+-------++-------
Melee: Dagger            |     4 |     5 |   389 |   188 ||   586
       Mace              |       |       |       |    14 ||    14
 Fire: Hunting sling     |       |       |    33 |    18 ||    51
Throw: Stone             |       |       |    41 |       ||    41
 Cast: Sting             |    31 |    30 |    99 |   182 ||   342
       Poisonous Vapours |    26 |    46 |   123 |   271 ||   466
       Mephitic Cloud    |       |     1 |    16 |    36 ||    53
       Olgreb's Toxic Ra |       |     1 |     2 |       ||     3
       Confuse           |       |       |    24 |    11 ||    35
Evoke: Wand              |       |       |    18 |    18 ||    36
  Use: Scroll            |       |     7 |    13 |     7 ||    27
       Potion            |       |       |     1 |     2 ||     3
 Stab: Confused          |       |       |     2 |     6 ||     8
       Distracted        |       |       |     1 |       ||     1
       Sleeping          |       |       |     1 |       ||     1
  Eat: Ration            |       |     2 |     6 |     4 ||    12
Armor: Robe              |     5 |     7 |    63 |    28 ||   103
       Troll leather arm |       |       |       |    19 ||    19
Dodge: Dodged            |    29 |    20 |   388 |   282 ||   719
Block: Buckler           |       |       |       |    89 ||    89
